Unix NetHack Version 5.0.0-0 post-release - last build May  3 2026 23:40:34 (9823c992c0763bbd039eca2974112f46eaf799b3,branch:main).

Game began 2026-05-04 14:13:06, ended 2026-05-04 14:33:20.

EricHerman, neutral female gnomish Wizard

  ---
 --..--                --
 |....                  .--
 |....                  ..|
 |....                  -.|
 |....      --------    |.----
 |..*.-   ---..--..| ----.... ---
 |....|   |........| |.....-- ..|
 |....-----........---......--..--
 |.....|.|..................h....##-    ----
  -.........`..............@f...G..#####.....-
 --......................................-----
 |........................................|
 --.......................................|
 |.....--.|........o%.<.......^..^.......--
 --.---------...>..................--.--#-
  --        --.|............-----..| --
             ----......|..---    ---
                ---.|.-----
                  -----
EricHerman the Conjurer   St:7 Dx:16 Co:13 In:16 Wi:11 Ch:9  Neutral
Dlvl:4  $:58 HP:0(25) Pw:29(39) AC:9  Xp:4 T:1373  Burdened

Latest messages:
 You destroy the dwarf zombie!
 The spell hits the gnome zombie!
 You destroy the gnome zombie!
 A board beneath the goblin squeaks an E note loudly.
 The goblin throws a crude dagger!
 You are hit by a crude dagger.
 You have a little trouble lifting u - a crude dagger (alternate weapon; not wielded) (3 in total).
 You kill the gecko!
 The homunculus drinks a golden potion!
 The homunculus seems more experienced.
 In what direction? b
 The spell hits the homunculus!
 The homunculus resists!
 The homunculus bites!
 In what direction? b
 The spell hits the homunculus!
 You kill the homunculus!
 You have no ammunition readied.
 What do you want to fire? [$opuC or ?*] ?
 You ready: C - a dagger.
 In what direction? l
 Catbeiri bites the goblin.
 The goblin is killed!
 Catbeiri picks up a dagger.
 You hear crashing rock.
 Catbeiri drops a dagger.
 Catbeiri misses the gnome.
 You stop.  Catbeiri is in the way!
 Catbeiri misses the gnome.
 You hear crashing rock.
 Catbeiri picks up a dagger.
 Catbeiri bites the gnome.
 The gnome is killed!
 Catbeiri bites the gnome.
 Catbeiri bites the gnome.
 The gnome is killed!
 Catbeiri drops a dagger.
 The dwarf swings her broad pick.
 The dwarf hits!
 You see here a candle.
 Catbeiri misses the dwarf.
 You have a little trouble lifting Q - a candle.
 Catbeiri misses the dwarf.
 Catbeiri misses the dwarf.
 You see here a dagger.
 Catbeiri misses the dwarf.
 The dwarf swings her broad pick.
 The dwarf hits!
 You die...
 Do you want your possessions identified? [ynq] (y) y

Inventory:
 Coins    ('$')
  $ - 58 gold pieces
 Weapons  (')')
  B - an uncursed +0 sling
  H - a cursed +0 sling
  o - 5 uncursed +0 darts
  p - 10 cursed -1 darts
  u - 3 uncursed +0 orcish daggers (alternate weapons; not wielded)
  a - a blessed +1 quarterstaff (weapon in hands)
 Armor    ('[')
  K - a cursed -3 orcish helm
  D - a cursed -3 pair of iron shoes
  b - an uncursed +0 cloak of magic resistance (being worn)
  E - a blessed +0 dwarvish cloak
 Comestibles  ('%')
  x - 2 uncursed food rations
  r - an uncursed orange
  q - a cursed tin of spinach
  O - an uncursed lichen corpse
 Scrolls  ('?')
  j - an uncursed scroll of confuse monster
  N - an uncursed scroll of genocide
  y - an uncursed scroll of gold detection
  i - an uncursed scroll of remove curse
 Spellbooks  ('+')
  l - a blessed spellbook of force bolt
  m - an uncursed spellbook of haste self
 Potions  ('!')
  A - an uncursed potion of gain ability
  g - an uncursed potion of healing
  F - an uncursed potion of oil
  t - a blessed potion of sickness
  h - an uncursed potion of sleeping
  f - an uncursed potion of speed
 Rings    ('=')
  e - an uncursed ring of poison resistance
  d - an uncursed ring of see invisible
 Wands    ('/')
  c - an uncursed wand of light (0:12)
  M - an uncursed wand of polymorph (0:4)
 Tools    ('(')
  v - an uncursed bag of tricks (0:5)
  P - an uncursed blindfold
  z - an uncursed brass lantern
  n - an uncursed magic marker (0:20)
  k - an uncursed skeleton key
  s - an uncursed stethoscope
  Q - an uncursed tallow candle
 Gems/Stones  ('*')
  w - 2 uncursed worthless pieces of black glass
  L - an uncursed worthless piece of green glass
  G - 2 uncursed worthless pieces of orange glass
  I - an uncursed worthless piece of violet glass
  J - 6 uncursed flint stones

EricHerman the Wizard's attributes:

Background:
 You were a Conjurer, a level 4 female gnomish Wizard.
 You were neutral, nominally on a mission for Thoth
 who was opposed by Ptah (lawful) and Anhur (chaotic).
 You were left-handed.
 You were in the Gnomish Mines, on level 4.
 You entered the dungeon 1373 turns ago.
 There was a full moon in effect when your adventure ended.
 You had 124 experience points, 36 more were needed to attain level 5.

Basics:
 You had 0 out of 25 hit points.
 You had 29 out of 39 energy points (spell power).
 Your armor class was 9.
 Your wallet contained 58 zorkmids.
 Autopickup was off.

Final Characteristics:
 Your strength was 7 (peak:9, limit:18/50).
 Your dexterity was 16 (limit:18).
 Your constitution was 13 (limit:18).
 Your intelligence was 16 (limit:19).
 Your wisdom was 11 (limit:18).
 Your charisma was 9 (limit:18).

Final Status:
 You weren't hungry.
 You were burdened; movement was slightly slowed.
 You were wielding a quarterstaff.
 You had basic skill with quarterstaff.

Final Attributes:
 You were devoutly aligned.
 You were magic-protected.
 You were telepathic.
 You had infravision.
 You were warded.
 You were lucky.
 You are dead.

Miscellaneous:
 You didn't encounter any bones levels.
 Total elapsed playing time was 20 minutes and 1 second.

Major events:
 Turn
    1: EricHerman the neutral female gnomish Wizard entered the dungeon
  290: entered the Gnomish Mines
  727: attained the rank of Conjurer (level 3)
 1373: killed by a dwarf

Spells:
 Name                 Level Category     Fail Retention
 force bolt             1   attack         0%  91%-100%
 haste self             3   escape        96%  76%-100%

Skills:
 Fighting Skills
   bare handed combat [Unskilled]
   riding             [Unskilled]
 Weapon Skills
   dagger             [Unskilled]
   knife              [Unskilled]
   axe                [Unskilled]
   short sword        [Unskilled]
   club               [Unskilled]
   mace               [Unskilled]
   quarterstaff       [Basic]
   polearms           [Unskilled]
   spear              [Unskilled]
   trident            [Unskilled]
   sling              [Unskilled]
   dart               [Unskilled]
   shuriken           [Unskilled]
 Spellcasting Skills
   attack spells      [Basic]
   healing spells     [Unskilled]
   divination spells  [Unskilled]
   enchantment spells [Basic]
   clerical spells    [Unskilled]
   escape spells      [Unskilled]
   matter spells      [Unskilled]

Voluntary challenges:
 Character rerolling was not enabled.
 You were an atheist.
 You never genocided any monsters.
 You never polymorphed an object.
 You never changed form.
 You used no wishes.
Achievements:
 You entered the Gnomish Mines.
 You entered a shop.
 You attained the rank of Conjurer.

 The Dungeons of Doom: levels 1 to 3
    Level 1:
       A fountain.
    Level 2:
       A potion shop, many fountains, a grave.
       Stairs down to The Gnomish Mines.
    Level 3:
 The Gnomish Mines: levels 3 to 4
    Level 3:
    Level 4: <- You were here.
       Final resting place for
          you, killed by a dwarf.


Vanquished creatures:
  a floating eye
  a dwarf
  a homunculus
  a kobold leader
  a dwarf zombie
 an acid blob
  2 hobbits
  2 cave spiders
  a yellow mold
  2 gnomes
  3 gnome zombies
  a gecko
  6 jackals
  a kobold
  3 goblins
  2 sewer rats
  3 grid bugs
  6 lichens
  4 newts
42 creatures vanquished.

No species were genocided or became extinct.

Game over:
                       ----------
                      /          \
                     /    REST    \
                    /      IN      \
                   /     PEACE      \
                  /                  \
                  |    EricHerman    |
                  |      58 Au       |
                  |   killed by a    |
                  |      dwarf       |
                  |                  |
                  |                  |
                  |       2026       |
                 *|     *  *  *      | *
        _________)/\\_//(\/(/\)/\//\/|_)_______

Goodbye EricHerman the Wizard...

You died in The Gnomish Mines on dungeon level 4 with 699 points,
and 58 pieces of gold, after 1373 moves.
You were level 4 with a maximum of 25 hit points when you died.

